 Dungeon Crawl Stone Soup version bcrawl-1.18.1 (webtiles) character file.

Game seed: 417843493337637591

112 Freyura the Twirler (level 4, -7/35 HPs)
             Began as a Demonspawn Gladiator on Nov 8, 2019.
             Was an Initiate of Sif Muna.
             Killed from afar by Sigmund (8 damage)
             ... with a magic dart
             ... on level 3 of the Dungeon.
             The game lasted 00:05:17 (2253 turns).

Freyura the Twirler (Demonspawn Gladiator)          Turns: 2253, Time: 00:05:17

Health: -7/35      AC:  5    Str: 15    XL:     4   Next: 64%
Magic:  4/4        EV: 13    Int:  9    God:    Sif Muna [......]
Gold:   171        SH:  0    Dex: 15    Spells: 4/4 levels left

rFire    . . .     SeeInvis .   a - +0 quarterstaff
rCold    . . .     Gourm    .   (shield currently unavailable)
rNeg     . . .     Faith    .   b - +0 leather armour
rPois    .         Spirit   .   c - +0 helmet
rElec    .         Reflect  .   g - +0 cloak
rCorr    .         Harm     .   (no gloves)
MR       .....                  (no boots)
Stlth    ++........             (no amulet)
HPRegen  0.11/turn              i - ring of wizardry
MPRegen  0.09/turn              (no ring)

@: no status effects
A: nightstalker 1
a: Divine Energy, Renounce Religion


You were on level 3 of the Dungeon.
You worshipped Sif Muna.
Sif Muna was noncommittal.
You were not hungry.

You visited 1 branch of the dungeon, and saw 3 of its levels.

You collected 171 gold pieces.

Inventory:

Hand Weapons
 a - a +0 quarterstaff (weapon)
Missiles
 d - 3 throwing nets (quivered) {!f}
Armour
 b - a +0 leather armour (worn)
 c - a +0 helmet (worn)
 g - a +0 cloak (worn)
Jewellery
 i - a ring of wizardry (left hand)
 l - an uncursed amulet of the acrobat {unknown}
Scrolls
 e - a scroll of enchant armour {unknown}
 j - a scroll of blinking
 k - 3 scrolls of identify
 n - 2 scrolls of remove curse {unknown}
 p - 2 scrolls of immolation {unknown}
Potions
 h - a potion of lignification {unknown}
 m - a potion of heal wounds {unknown}
 o - a potion of cancellation {unknown}
 q - 2 potions of mutation {unknown}
Comestibles
 f - 5 rations {!d}
 r - a chunk of flesh


   Skills:
 + Level 3.0 Fighting
 + Level 3.5 Staves
 - Level 1.8 Throwing
 - Level 1.0 Armour
 + Level 3.2 Dodging
 + Level 0.1 Stealth
 * Level 0.5 Spellcasting
 + Level 0.2 Invocations


You had 4 spell levels left.
You didn't know any spells.
Your spell library was empty.

Dungeon Overview and Level Annotations

Branches:
Dungeon (3/12)

Altars:
Sif Muna

Annotations:
D:3 Sigmund


Innate Abilities, Weirdness & Mutations

You are slightly more attuned to the shadows.


Message History

You hit Sigmund but do no damage.
Sigmund is heavily wounded.
Sigmund hits you with a +0 scythe!
* * * LOW HITPOINT WARNING * * *
You hit Sigmund.
Sigmund is heavily wounded.
Sigmund gestures at you while chanting. The magic dart hits you!
You sock Sigmund!
Sigmund is severely wounded.
Sigmund closely misses you. The goblin closely misses you.
You hit Sigmund.
Sigmund is almost dead.
The goblin hits you with a +0 dagger.
* * * LOW HITPOINT WARNING * * *
You closely miss Sigmund.
Sigmund is almost dead.
Sigmund casts a spell at you. The magic dart hits you!
You die...

#.# #.###
###...####...#
.........###.#
........ #.#
...(... #.#
#....# #.#
#..g@# #.#
##...@#####.#
#>....[.....#
......!......#
.#.#.#.#####.#
# #.#.# #.#
#.#.# #.# .
#.# #># .. .#


You could see Sigmund and a goblin.

Vanquished Creatures
  Terence (D:2)
  A hound skeleton (D:2)
  An adder (D:3)
  A worm (D:2)
  2 dart slugs
  7 leopard geckos
  An orc (D:2)
  5 bats
  A goblin (D:1)
  3 hobgoblins
  7 jackals (D:2)
  12 kobolds
  A quokka (D:3)
  4 rats (D:1)
47 creatures vanquished.

Notes
Turn   | Place    | Note
-------+----------+-------------------------------------------
     0 | D:1      | Freyura the Demonspawn Gladiator began the quest for the
                  | Orb.
     0 | D:1      | Reached XP level 1. HP: 16/16 MP: 1/1
   128 | D:1      | Gained mutation: You are slightly more attuned to the
                  | shadows. [demonic ancestry]
   128 | D:1      | Reached XP level 2. HP: 18/23 MP: 2/2
   777 | D:2      | Reached XP level 3. HP: 25/28 MP: 3/3
  1168 | D:2      | Found a shimmering blue altar of Sif Muna.
  1189 | D:2      | Noticed Terence
  1199 | D:2      | Killed Terence
  1199 | D:2      | Reached skill level 1 in Armour
  1199 | D:2      | Reached XP level 4. HP: 29/34 MP: 4/4
  1229 | D:2      | Became a worshipper of Sif Muna the Loreminder
  1292 | D:2      | Found a faded altar of an unknown god.
  2235 | D:3      | Noticed Sigmund
  2252 | D:3      | HP: 1/35 [goblin/+0 dagger (3)]
  2253 | D:3      | Killed from afar by Sigmund

Skill      XL: |  1  2  3  4 |
---------------+-------------+-----
Staves         | 3 |  3.5
Dodging        | 3 |  3.2
Armour         | 1 |  1.0
Fighting       | 3 |  3.0
Throwing       | |  1.8
Stealth        | |  0.1
Spellcasting   | |  0.5
Invocations    | |  0.2

Action                   |  1- 3 |  4- 6 || total
-------------------------+-------+-------++-------
Melee: Quarterstaff      |   106 |    65 ||   171
  Use: Scroll            |     3 |       ||     3
 Stab: Sleeping          |     3 |     4 ||     7
  Eat: Chunk             |       |     4 ||     4
Armor: Leather armour    |    36 |    12 ||    48
Dodge: Dodged            |    76 |    38 ||   114
